 Dungeon Crawl Stone Soup version 0.26.1-11-gd32895ea62 (webtiles) character file.

Game seed: 4526845255754075426

27 Descartes the Scratcher (level 2, -5/12 HPs)
             Began as a Felid Transmuter on May 29, 2021.
             Slain by a worm (7 damage)
             ... on level 2 of the Dungeon.
             The game lasted 00:01:44 (1183 turns).

Descartes the Scratcher (Felid Transmuter)          Turns: 1183, Time: 00:01:45

Health: -5/12      AC:  1    Str:  6    XL:     2   Next: 93%
Magic:  5/6        EV: 18    Int: 14    God:
Gold:   111        SH:  0    Dex: 16    Spells: 4/5 levels left
                                        Lives:  0   Deaths: 0

rFire    . . .     SeeInvis +     - Unarmed
rCold    . . .     Faith    .   (shield unavailable)
rNeg     + . .     Spirit   .   (armour unavailable)
rPois    .         Reflect  .   (helmet unavailable)
rElec    .         Harm     .   (cloak unavailable)
rCorr    .         Rampage  .   (gloves unavailable)
Will     .....                  (boots unavailable)
Stlth    ++........             (no amulet)
HPRegen  0.04/turn              a - ring of positive energy
MPRegen  0.10/turn              (no ring)

@: quick
A: very small, no armour, no weapons or thrown items, stealth, claws 1, fangs 3,
see invisible, speed 1, shaggy fur 1, sharp paws
a: no special abilities


You were on level 2 of the Dungeon.
You visited 1 branch of the dungeon, and saw 2 of its levels.

You collected 111 gold pieces.

Inventory:

Jewellery
 a - a ring of positive energy (left paw)
 g - an uncursed ring of protection from cold {unknown}
Scrolls
 b - a scroll of remove curse {unknown}
 c - 4 scrolls of identify {unknown}
 e - a scroll of blinking {unknown}
 f - a scroll of fog {unknown}
 j - a scroll of teleportation {unknown}
Potions
 d - a potion of degeneration {unknown}
 h - a potion of brilliance {unknown}
 i - a potion of lignification {unknown}
 k - a potion of heal wounds {unknown}
 l - 2 potions of attraction {unknown}
 m - a potion of curing {unknown}


   Skills:
 - Level 1.0 Fighting
 + Level 3.1 Dodging
 + Level 1.5 Stealth
 + Level 3.2 Unarmed Combat
 + Level 2.2 Spellcasting
 + Level 2.6 Transmutations


You had 4 spell levels left.
You knew the following spells:

 Your Spells              Type           Power        Failure   Level
a - Beastly Appendage     Tmut           16%          8%          1

Your spell library contained the following spells:

 Spells                   Type           Power        Failure   Level
 Wereblood                Tmut           8%           12%         2
 Spider Form              Tmut/Pois      2%           38%         3
 Ice Form                 Ice/Tmut       5%           80%         4
 Blade Hands              Tmut           4%           91%         5


Dungeon Overview and Level Annotations

Branches:
Dungeon (2/15)

Altars:
The Shining One


Innate Abilities, Weirdness & Mutations

You cannot wear armour.
You are incapable of wielding weapons or throwing items.
Your paws allow you to move quietly. (Stealth)
You have sharp claws.
You have razor-sharp teeth.
You have supernaturally acute eyesight. (SInv)
You cover ground quickly.
You are covered in fur. (AC +1)
Your sharp claws are effective at attacking unaware monsters.


Message History

You kill the kobold!
You scratch the jackal.
You kill the jackal!
The rat misses you.
Your magical contamination has completely faded away.
You claw the rat!
You kill the rat!
You scratch the jackal.
The jackal is heavily wounded.
The jackal completely misses you.
You scratch the jackal.
You kill the jackal!
You scratch the giant cockroach.
You kill the giant cockroach!
You scratch the worm but do no damage. You barely miss the worm.
Your headbutt misses the worm.
Your horns disappear.
The worm bites you!
Ouch! That really hurt!
You die...

.##..##.†..>...
.##.........#.#
.##†......#....
#......#....#.#
#.##.#.#.#.## #
#.##.....#.# #.##.......#
#
#.###.#.############.#####
#.##.###.......†@w........
#.###.#.##########†#......
#.# ##.#### #........
#.#####...# #.#......
..........# #.......♣
..#####...# ### ##... ###
##.## .. #.# #.#


You could see a worm.

Vanquished Creatures
  A leopard gecko (D:1)
  3 giant cockroaches
  6 goblins
  4 jackals (D:2)
  2 kobolds
  A bat (D:1)
  A frilled lizard (D:1)
  4 rats
22 creatures vanquished.

Notes
Turn   | Place    | Note
-------+----------+-------------------------------------------
     0 | D:1      | Descartes the Felid Transmuter began the quest for the Orb.
     0 | D:1      | Reached XP level 1. HP: 9/9 MP: 4/4
   456 | D:1      | Reached XP level 2. HP: 12/12 MP: 4/6
   467 | D:1      | Reached skill level 1 in Stealth
   910 | D:2      | Found a glowing golden altar of the Shining One.
  1183 | D:2      | Slain by a worm

Illustrated notes

Levels and vault maps discovered:
D:1:      lemuel_arrival_river_ford, layout_basic, minmay_crystal_water
D:2:      layout_loops_ring, zin_treasury, overflow_temple_1_default,
          chequers_ecumenical_altar_simple_redux

Skill      XL: |  1  2 |
---------------+-------+-----
Stealth        | 1 |  1.5
Dodging        | 3 |  3.1
Fighting       | |  1.0
Unarmed Combat | |  3.2
Spellcasting   | |  2.2
Transmutations | |  2.6

Action                   || total
-------------------------++-------
Melee: Unarmed           ||    52
       Bite              ||     4
       Headbutt          ||     3
       Punch             ||     1
 Cast: Beastly Appendage ||    15
 Stab: Sleeping          ||     1
Armor: Skin              ||     2
Dodge: Dodged            ||    32
